 Dungeon Crawl Stone Soup version 0.28.0-45-g0d030f2227 (webtiles) character file.

Game seed: 11810368754125688614

508 hawla the Stinger (level 6, 0/47 HPs)
             Began as a Draconian Venom Mage on Apr 24, 2022.
             Was an Initiate of Vehumet.
             Succumbed to a goblin's poison
             ... on level 3 of the Dungeon.
             The game lasted 00:19:28 (4745 turns).

hawla the Stinger (Draconian Venom Mage)            Turns: 4745, Time: 00:19:29

Health: 0/47       AC:  7    Str: 10    XL:     6   Next: 98%
Magic:  1/12       EV: 12    Int: 18    God:    Vehumet [......]
Gold:   234        SH:  0    Dex: 11    Spells: 6/13 levels left

rFire   . . .      SeeInvis .   (no weapon)
rCold   . . .      Faith    .   (no shield)
rNeg    . . .      Spirit   .   (armour unavailable)
rPois   .          Reflect  .   (helmet restricted)
rElec   .          Harm     .   (no cloak)
rCorr   .          Rampage  .   f - +0 pair of gloves
Will    .....                   (no boots)
Stlth   ++........              (no amulet)
HPRegen 0.15/turn               (no ring)
MPRegen 0.13/turn               (no ring)

@: lethally poisoned (0 -> -5), on berserk cooldown, slowed, very slow
A: AC +6, unfitting armour, cold-blooded
a: Renounce Religion


You were on level 3 of the Dungeon.
You worshipped Vehumet.
Vehumet was noncommittal.
You visited 2 branches of the dungeon, and saw 5 of its levels.

You collected 234 gold pieces.

Inventory:

Armour
 f - a +0 pair of gloves (worn)
Wands
 c - a wand of polymorph (12)
Scrolls
 a - 2 scrolls of identify
Potions
 g - a potion of curing
 h - a potion of lignification


   Skills:
 + Level 1.0 Fighting
 + Level 2.9 Dodging
 + Level 2.2 Stealth
 + Level 4.3 Spellcasting
 + Level 2.5 Transmutations
 + Level 1.7 Air Magic
 + Level 4.7 Poison Magic


You had 6 spell levels left.
You knew the following spells:

 Your Spells              Type           Power      Damage    Failure   Level
a - Sting                 Tmut/Pois      68%        1d6       3%          1
b - Poisonous Vapours     Pois/Air       30%        N/A       6%          2
c - Olgreb's Toxic Radia  Pois           21%        N/A       21%         4

Your spell library contained the following spells:

 Spells                   Type           Power      Damage    Failure   Level
 Summon Small Mammal      Summ           12%        N/A       14%         1
 Mephitic Cloud           Conj/Pois/Air  11%        N/A       19%         3
 Call Canine Familiar     Summ           3%         N/A       38%         3
 Summon Guardian Golem    Hex/Summ       3%         N/A       38%         3


Dungeon Overview and Level Annotations

Branches:
Dungeon (4/15)             Temple (1/1) D:4

Altars:
Ashenzari
Cheibriados
Dithmenos
Elyvilon
Fedhas
Gozag
Hepliaklqana
Makhleb
Nemelex Xobeh
Okawaru
Qazlal
Ru
Sif Muna
Trog
Uskayaw
Vehumet
Wu Jian
Xom
Yredelemnul
Zin
The Shining One

Shops:
D:1 [(   D:2 [

Annotations:
D:3 Grinder


Innate Abilities, Weirdness & Mutations

Your plain brown scales are hard. (AC +6)
You cannot fit into any form of body armour.
You are cold-blooded and may be slowed by cold attacks.


Message History

The goblin hits you but does no damage.
You are more poisoned.
Grinder blinks!
Unknown command.
A red film seems to cover your vision as you go berserk!
You feel yourself moving faster!
You feel mighty!
You feel very sick. Robin hits you but does no damage.
The goblin hits you but does no damage.
You smack Robin!
You kill Robin!
Vehumet accepts your kill.
You feel sick. The goblin hits you but does no damage.
You closely miss the goblin.
You feel less wooden.
Your +0 pair of gloves unmelds from your body.
You feel sick.
You closely miss the goblin.
You feel sick. The goblin barely misses you.
You are too berserk!
Unknown command.
You closely miss the goblin.
You feel sick. The goblin hits you but does no damage.
You are lethally poisoned!
You barely miss the goblin.
* * * LOW HITPOINT WARNING * * *
You feel sick.
You punch the goblin!
You kill the goblin!
Vehumet accepts your kill.
* * * LOW HITPOINT WARNING * * *
You feel sick.
Grinder drinks a potion.
Grinder is healed!
* * * LOW HITPOINT WARNING * * *
You feel sick.
Items here: ( ))) [[ †††.
You feel a strong urge to attack something.
* * * LOW HITPOINT WARNING * * *
You feel sick.
You are no longer berserk.
You are exhausted.
You feel yourself slow down.
You die...

#. ####.g# #.##...g.#
######.#......#
##.......)..<..#
#.......#))###(#
#..######.g# #..#
#..# #..# #.)#
####@.######..######
#§)........#..g....##
#.##..####.##.....§..
#5##..# ######.##
#§##..# #^# #§##..#
#.# #5##..# #.#
#.###.# #.# #># .#
#.#


There were no monsters in sight!

Vanquished Creatures
  Sigmund (D:3)
  A kobold brigand (D:4)
  A bullfrog skeleton (D:4)
  3 orc wizards
  2 hound skeletons (D:4)
  Robin (D:3)
  4 adders
  An adder skeleton (D:4)
  A worm (D:2)
  A dart slug (D:4)
  8 orcs
  3 ball pythons
  6 bats
  4 endoplasms
  A giant cockroach (D:1)
  8 hobgoblins
  2 jackals (D:2)
  5 quokkas
  2 frilled lizards
  15 goblins
  5 kobolds
  6 rats
81 creatures vanquished.

Notes
Turn   | Place    | Note
-------+----------+-------------------------------------------
     0 | D:1      | hawla the Draconian Venom Mage began the quest for the Orb.
     0 | D:1      | Reached XP level 1. HP: 14/14 MP: 3/3
     2 | D:1      | You fall into a shaft and drop 1 floor!
   232 | D:2      | Reached XP level 2. HP: 18/20 MP: 3/5
   235 | D:2      | Learned a level 2 spell: Poisonous Vapours
   273 | D:2      | Found Purchiaf's Antique Armour Emporium.
   289 | D:1      | Found a faded altar of an unknown god.
   315 | D:1      | Found Zikharid's Antique Armour Emporium.
   432 | D:1      | Found Wymid's Weapon Emporium.
  1362 | D:1      | Reached XP level 3. HP: 25/26 MP: 4/6
  1915 | D:2      | Reached XP level 4. HP: 12/34 MP: 0/8
  2119 | D:2      | Learned a level 4 spell: Olgreb's Toxic Radiance
  2368 | D:2      | Found a glowing golden altar of the Shining One.
  3117 | D:3      | Reached XP level 5. HP: 25/39 MP: 3/9
  3286 | D:3      | Noticed Sigmund
  3694 | D:4      | Reached skill level 1 in Air Magic
  3948 | D:3      | Killed Sigmund
  3949 | D:3      | Reached skill level 1 in Fighting
  3949 | D:3      | Reached XP level 6. HP: 29/47 MP: 0/12
  4089 | D:4      | Found a staircase to the Ecumenical Temple.
  4094 | Temple   | Entered the Ecumenical Temple
  4393 | Temple   | Became a worshipper of Vehumet
  4661 | D:3      | Noticed Grinder
  4718 | D:3      | Paralysed by Grinder for 3 turns
  4727 | D:3      | Paralysed by Grinder for 3 turns
  4731 | D:3      | Noticed Robin
  4737 | D:3      | Killed Robin
  4743 | D:3      | HP: 3/70 [poisoned by a goblin]
  4745 | D:3      | Succumbed to a goblin's poison

Illustrated notes

Levels and vault maps discovered:
D:1:      ebering_trefoil_twist, layout_basic, ebering_ecumenical_altar_rust,
          serial_shops, nicolae_diamond_shop, shop,
          chequers_serial_rivers_small_3
D:2:      layout_basic, basic_altar, serial_shops, nicolae_shop_statue_plus
D:3:      layout_loops_ring, uniq_sigmund, uniq_robin, uniq_grinder, uniq_ijyb
D:4:      layout_cave_pools, minmay_temple_entry_grid, minmay_misc_feat_tower
Temple:   regret_index_temple_sigil_plot

Skill      XL: |  1  2  3  4  5 |
---------------+----------------+-----
Dodging        | 2 |  2.9
Stealth        | 2 |  2.2
Transmutations | 2 |  2.5
Spellcasting   | 3 4 |  4.3
Poison Magic   | 4 |  4.7
Air Magic      | 1 |  1.7
Fighting       | 1 |  1.0

Action                   |  1- 3 |  4- 6 || total
-------------------------+-------+-------++-------
Melee: Unarmed           |    51 |   102 ||   153
       Tailslap          |     7 |    13 ||    20
       Punch             |       |     2 ||     2
 Cast: Sting             |    46 |    56 ||   102
       Poisonous Vapours |     7 |    35 ||    42
       Olgreb's Toxic Ra |       |     5 ||     5
  Use: Scroll            |       |     8 ||     8
       Potion            |       |     4 ||     4
Armor: Skin              |    22 |    84 ||   106
Dodge: Dodged            |    60 |    95 ||   155
